 Dungeon Crawl Stone Soup version 0.29-a0-878-g7b45a56547 (webtiles) character file.

Game seed: 17375261852176449590

7 LynnLen the Sneak (level 1, 0/11 HPs)
             Began as a Vampire Enchanter on July 19, 2022.
             Slain by a bat (1 damage)
             ... on level 1 of the Dungeon.
             The game lasted 00:00:55 (272 turns).

LynnLen the Sneak (Vampire Enchanter)                Turns: 272, Time: 00:00:55

Health: 0/11       AC:  2    Str:  7    XL:     1   Next: 91%
Magic:  3/3        EV: 12    Int: 17    God:
Gold:   14         SH:  0    Dex: 14    Spells: 4/4 levels left

rFire   . . .      SeeInvis +   a - +1 dagger
rCold   + + .      Faith    .   (no shield)
rNeg    + + +      Spirit   .   b - +0 robe
rPois   ∞          Reflect  .   (no helmet)
rElec   .          Harm     .   (no cloak)
rCorr   .          Rampage  .   (no gloves)
Will    .....                   (no boots)
Stlth   +++++.....              (no amulet)
HPRegen 0.00/turn               (no ring)
MPRegen 0.08/turn               (no ring)

@: bloodless, inhibited regen
A: bloodless, fangs 3, see invisible, vampiric 1
a: Revivify


You were on level 1 of the Dungeon.
You visited 1 branch of the dungeon, and saw 1 of its levels.

You collected 14 gold pieces.

Inventory:

Hand Weapons
 a - a +1 dagger (weapon)
Armour
 b - a +0 robe (worn)
Scrolls
 d - a scroll of enchant weapon {unknown}
 e - a scroll of fog {unknown}
Potions
 c - 2 potions of invisibility
 f - a potion of attraction {unknown}
 g - a potion of heal wounds {unknown}


   Skills:
 * Level 0.5 Fighting
 * Level 1.4 Short Blades
 + Level 2.3 Dodging
 + Level 4.7 Stealth
 - Level 2.0 Spellcasting
 - Level 4.4 Hexes


You had 4 spell levels left.
You didn't know any spells.
Your spell library contained the following spells:

 Spells                   Type           Power      Damage    Failure   Level
 Confusing Touch          Hex            16%        N/A       10%         3
 Tukima's Dance           Hex            16%        N/A       10%         3
 Ensorcelled Hibernation  Hex/Ice        18%        N/A       12%         2
 Dazzling Flash           Conj/Hex       18%        N/A       24%         3


Dungeon Overview and Level Annotations

Branches:
Dungeon (1/15)

Altars:


Innate Abilities, Weirdness & Mutations

You do not regenerate when monsters are visible.
You are frail without blood (-20% HP).
You can heal yourself when you bite living creatures.
You are immune to poison.
You have razor-sharp teeth.
You have supernaturally acute eyesight. (SInv)
You are afflicted with vampirism.


Message History

The endoplasm barely misses you.
The frilled lizard bites you but does no damage.
The bat hits you but does no damage.
You miss the frilled lizard. The frilled lizard misses you.
The endoplasm barely misses you.
You hit the frilled lizard.
You kill the frilled lizard!
The bat barely misses you. The endoplasm misses you. The endoplasm freezes you.
You are frozen.
You resist.
You see here a frilled lizard corpse.
You hit the endoplasm.
The endoplasm is heavily wounded.
The bat hits you. The bat closely misses you. The endoplasm freezes you.
You are frozen.
You resist.
You barely miss the endoplasm.
The endoplasm is heavily wounded.
The endoplasm freezes you.
You are frozen.
You resist.
You hit the endoplasm.
You kill the endoplasm!
The bat hits you but does no damage.
You barely miss the bat. Your bite misses the bat. The bat hits you.
* * * LOW HITPOINT WARNING * * *
You miss the bat. The bat misses you. The bat closely misses you.
The bat hits you but does no damage. The bat hits you but does no damage.
You see here a frilled lizard corpse.
You barely miss the bat. The bat hits you.
* * * LOW HITPOINT WARNING * * *
The bat hits you.
* * * LOW HITPOINT WARNING * * *
The bat barely misses you.
You miss the bat. The bat barely misses you.
You completely miss the bat. The bat hits you but does no damage.
The bat misses you.
You completely miss the bat. The bat hits you.
You die...

.#.............>......P ..#.
##
..............###..♣P.♣.......
#
..............###.P♣P..♣......
#
.......##.)....##..♣._.♣......
# .......
##.........P♣P♣P...... #
.....####.......).PPP♣.P......
#
..................P.P$..P.....
.............................
...........b@.........#..>...
.........†..................
......#.##..................
......##.######.............
..... #. #............. ... #.
........#...... ..
##.....$...#...... .
.).....#..........
........#..........


You could see a bat.

Vanquished Creatures
  2 endoplasms (D:1)
  2 hobgoblins (D:1)
  A frilled lizard (D:1)
  A goblin (D:1)
  A rat (D:1)
7 creatures vanquished.

Notes
Turn   | Place    | Note
-------+----------+-------------------------------------------
     0 | D:1      | LynnLen the Vampire Enchanter began the quest for the Orb.
     0 | D:1      | Reached XP level 1. HP: 13/13 MP: 3/3
   220 | D:1      | Found a faded altar of an unknown god.
   272 | D:1      | Slain by a bat

Illustrated notes

Levels and vault maps discovered:
D:1:      lightli_arrival_lavapool, layout_basic,
          dreamdust_ecumenical_altar_grove, dreamdust_mushroom_princess,
          amethyst_killhole

Action                   || total
-------------------------++-------
Melee: Dagger            ||    32
       Bite              ||     2
 Abil: Exsanguinate      ||     1
 Stab: Sleeping          ||     1
Armor: Robe              ||     9
Dodge: Dodged            ||    38

Table legend: (Time is in decaauts)
 A = Elapsed time spent in this place.
 B = Non-inter-level travel time spent in this place.
 C = Inter-level travel time spent in this place.
 D = Time resting spent in this place.
 E = Time spent auto-exploring this place.
 F = Levels seen in this place.
 G = Mean time per level.
                   A        B        C        D        E       F      G
               +--------+--------+--------+--------+--------+-----+--------+
         Total |    269 |    269 |      0 |     77 |     81 |   1 |  269.0 |
       Dungeon |    269 |    269 |      0 |     77 |     81 |   1 |  269.0 |
               +--------+--------+--------+--------+--------+-----+--------+

Top non-repeatable levels by time:
     D:1: 269 daAuts
